 Dungeon Crawl Stone Soup version 0.23.0 (webtiles) character file.

Game seed: 15320104504029885159

88 vishdafish the Shield-Bearer (level 4, 0/37 HPs)
             Began as a Formicid Fighter on Feb 17, 2019.
             Slain by Sigmund
             ... wielding a +0 scythe
              (8 damage)
             ... on level 2 of the Dungeon.
             The game lasted 00:01:49 (1621 turns).

vishdafish the Shield-Bearer (Formicid Fighter)     Turns: 1621, Time: 00:01:50

Health: 0/37       AC:  6    Str: 26    XL:     4   Next: 81%
Magic:  4/4        EV:  8    Int: 12    God:
Gold:   130        SH: 10    Dex: 10    Spells: 3/3 levels left

rFire    . . .     SeeInvis +   a - +0 war axe
rCold    . . .     Gourm    .   c - +0 shield
rNeg     . . .     Faith    .   b - +0 scale mail
rPois    .         Spirit   .   (helmet unavailable)
rElec    .         Reflect  .   (no cloak)
rCorr    .         Harm     .   (no gloves)
MR       .....                  (no boots)
Stlth    ..........             (no amulet)
HPRegen  0.12/turn              i - +4 ring of intelligence
MPRegen  0.09/turn              (no ring)

@: mighty
A: permanent stasis, dig shafts and tunnels, four strong arms, antennae 3
a: Dig, Shaft Self


You were on level 2 of the Dungeon.
You were near starving.

You visited 1 branch of the dungeon, and saw 2 of its levels.

You collected 130 gold pieces.

Inventory:

Hand Weapons
 a - a +0 war axe (weapon)
Armour
 b - a +0 scale mail (worn)
 c - a +0 shield (worn)
Jewellery
 i - a +4 ring of intelligence (left hand)
Scrolls
 g - 2 scrolls of fear {unknown}
 k - a scroll of amnesia {unknown}
 l - 2 scrolls of identify {unknown}
 n - 2 scrolls of fog {unknown}
 o - 2 scrolls of remove curse {unknown}
 p - a scroll of immolation {unknown}
 q - 2 scrolls of teleportation {unknown}
 s - a scroll of enchant weapon {unknown}
Potions
 e - 3 potions of heal wounds {unknown}
 h - a potion of degeneration {unknown}
 j - a potion of agility {unknown}
 m - a potion of flight {unknown}
 r - a potion of curing {unknown}
 t - a potion of lignification {unknown}
Comestibles
 f - 2 rations


   Skills:
 + Level 3.7 Fighting
 + Level 3.5 Axes
 + Level 3.6 Armour
 + Level 0.5 Dodging
 + Level 0.2 Stealth
 + Level 4.0 Shields


You had 3 spell levels left.
You didn't know any spells.
Your spell library was empty.

Dungeon Overview and Level Annotations

Branches:
Dungeon (2/15)

Altars:

Annotations:
D:2 Sigmund


Innate Abilities, Weirdness & Mutations

You cannot be hasted, slowed, berserked, paralysed or teleported.
You can dig through walls and to a lower floor.
Your four strong arms can wield two-handed weapons with a shield.
You have a pair of large antennae on your head. (SInv)


Message History

Sigmund is heavily wounded.
Sigmund points at you and mumbles some strange words.
The magic dart hits you but does no damage.
You completely miss Sigmund.
Sigmund is heavily wounded.
Sigmund barely misses you.
You barely miss Sigmund.
Sigmund is heavily wounded.
Sigmund hits you with a +0 scythe.
Your shield and scale mail prevent you from hitting Sigmund.
Sigmund is heavily wounded.
Sigmund casts a spell at you. The puff of flame hits you!
Sigmund points at you and mumbles some strange words.
The puff of flame hits you!
* * * LOW HITPOINT WARNING * * *
You closely miss Sigmund.
Sigmund is heavily wounded.
Sigmund hits you with a +0 scythe!
You die...

................รท......
#....#..########.......
#.......# .##.###
#.......#### ..# #
...#.......# ####.##
#..........# #.##.. #
#####......# #....#.#
...........###.#.<..#
######..####...#@####)#
...# #.........@........
##.###....##.....######.
#..##....##..####
###.##....##....#
..........#######.
.......##.#.......
........#.#.#...###
........#.#.#.....


You could see Sigmund.

Vanquished Creatures
  An adder (D:2)
  An ooze (D:1)
  4 worms
  2 dart slugs
  A leopard gecko (D:1)
  5 orcs (D:2)
  4 giant cockroaches
  9 hobgoblins (D:1)
  5 bats
  2 frilled lizards
  4 goblins
  9 kobolds
  5 rats
52 creatures vanquished.

Notes
Turn   | Place    | Note
-------+----------+-------------------------------------------
     0 | D:1      | vishdafish the Formicid Fighter began the quest for the
                  | Orb.
     0 | D:1      | Reached XP level 1. HP: 18/18 MP: 1/1
    37 | D:1      | Reached XP level 2. HP: 24/24 MP: 2/2
   283 | D:1      | Reached skill level 4 in Shields
   341 | D:1      | Reached XP level 3. HP: 26/29 MP: 3/3
   837 | D:2      | Reached XP level 4. HP: 20/36 MP: 4/4
  1306 | D:2      | Noticed Sigmund
  1621 | D:2      | Slain by Sigmund

Skill      XL: |  1  2  3 |
---------------+----------+-----
Shields        | 4 |  4.0
Axes           | 3 |  3.5
Fighting       | |  3.7
Armour         | |  3.6
Dodging        | |  0.5
Stealth        | |  0.2

Action                   |  1- 3 |  4- 6 || total
-------------------------+-------+-------++-------
Melee: War axe           |    79 |    72 ||   151
  Use: Potion            |       |     1 ||     1
  Eat: Chunk             |       |     1 ||     1
Armor: Scale mail        |    33 |    28 ||    61
Dodge: Dodged            |    27 |    19 ||    46
Block: Shield            |    43 |    46 ||    89
